Map: Industrias Beckett EE

Players

Mars

  • Race: Zerg Zerg
  • League: Diamond

Mako - Winner!

  • Race: Terran Terran
  • League: Diamond

VOD

Have the link to the VOD?

Description

Time

  • Played on: June 6, 2021, 7:26 p.m.
  • Length: 18:30
Show
View Real Time Build Order
Export as new Build Order

Mars Zerg 

Build Orders: Pool First 

Get SALT Encoding   

  12  0:00  Drone  
  13  0:13  Overlord  
  13  0:17  Drone  
  14  0:32  Drone x2  
  16  0:36  Extractor  
  15  0:45  Spawning Pool  
  15  0:49  Drone  
  15  0:53  Drone  
  16  1:01  Drone  
  17  1:08  Drone  
  18  1:27  Hatchery  
  17  1:34  Zergling x4  
  19  1:45  Metabolic Boost  
  19  1:52  Queen  
  21  2:02  Drone  
  21  2:03  Overlord  
  22  2:12  Overlord  
  22  2:25  Drone x2  
  24  2:41  Queen  
  24  2:44  Drone x2  
  28  2:50  Drone x2  
  30  2:51  Queen  
  30  2:57  Drone  
  33  3:19  Drone x5  
  38  3:24  Spine Crawler  
  38  3:26  Drone  
  38  3:28  Lair  
  38  3:30  Drone  
  39  3:34  Extractor  
  38  3:46  Drone x3  
  38  3:47  Hatchery  
  40  3:48  Drone  
  40  3:51  Spore Crawler  
  40  3:54  Spore Crawler, Drone  
  40  3:58  Overlord  
  40  4:01  Overlord  
  40  4:12  Drone x3  
  43  4:22  Drone  
  43  4:23  Drone  
  43  4:24  Baneling Nest  
  44  4:29  Drone x3  
  44  4:30  Drone  
  48  4:32  Zergling x2  
  49  4:43  Nydus Network  
  48  4:48  Zergling x6, Spine Crawler  
  48  4:51  Queen x2  
  54  4:58  Drone  
  54  4:59  Drone x3  
  58  5:08  Drone  
  58  5:09  Drone, Overlord  
  58  5:31  Zergling x10  
  58  5:32  Zergling x8  
  67  5:45  Baneling x3  
  67  5:46  Baneling x3  
  67  5:49  Zergling x14  
  74  5:50  Overlord  
  74  6:18  Nydus Canal  
  74  6:28  Zergling x2  
  74  6:29  Zergling x12, Drone  
  80  6:48  Evolution Chamber  
  80  6:50  Drone x2  
  80  6:51  Hydralisk Den  
  80  6:53  Centrifical Hooks  
  80  6:55  Evolution Chamber  
  80  6:57  Drone x3  
  80  6:58  Overlord x3  
  82  7:04  Spore Crawler  
  82  7:07  Spine Crawler, Drone  
  82  7:08  Overlord  
  81  7:13  Overseer  
  81  7:14  Extractor  
  80  7:19  Queen  
  80  7:21  Drone x6  
  86  7:54  Drone x4  
  86  7:55  Drone  
  86  7:58  Overlord x3  
  91  8:03  Muscular Augments, Hydralisk  
  91  8:04  Hydralisk  
  91  8:05  Zerg Ground Armor Level 1  
  95  8:06  Zerg Melee Weapons Level 1  
  95  8:10  Drone x2, Infestation Pit  
  95  8:11  Drone  
  97  8:14  Extractor  
  97  8:18  Extractor  
  92  8:28  Drone x2  
  92  8:29  Drone  
  92  8:30  Drone x2  
  92  8:31  Hatchery  
  96  8:35  Extractor  
  95  8:47  Hive  
  95  8:54  Evolution Chamber  
  94  9:04  Hydralisk x9  
  94  9:05  Overlord x2  
  94  9:06  Overlord x4  
  112  9:21  Drone x3  
  115  9:26  Baneling x3  
  115  9:27  Baneling x7  
  115  9:29  Drone x2  
  115  9:30  Drone  
  118  9:44  Drone  
  118  9:45  Drone x7  
  126  9:48  Queen  
  128  10:01  Drone x3  
  128  10:02  Extractor  
  128  10:06  Adrenal Glands  
  130  10:13  Ultralisk Cavern  
  129  10:15  Spore Crawler  
  120  10:35  Drone x3  
  117  10:37  Drone x3  
  117  10:39  Drone x2  
  123  10:50  Pneumatized Carapace  
  123  10:52  Zerg Ground Armor Level 2  
  123  10:53  Zerg Melee Weapons Level 2  
  123  10:54  Zerg Missile Weapons Level 1  
  123  10:57  Overseer  
  123  10:58  Overseer  
  123  11:00  Chitinous Plating  
  123  11:06  Ultralisk  
  123  11:07  Zergling x2  
  123  11:08  Zergling x28  
  144  11:14  Extractor  
  143  11:27  Ultralisk x2  
  143  11:28  Overlord x2  
  143  11:29  Overlord  
  143  11:32  Drone x2  
  157  11:33  Drone  
  157  11:34  Drone x4  
  160  11:59  Ultralisk x3  
  160  12:00  Zergling x8  
  160  12:01  Zergling x10  
  187  12:20  Overlord x3  
  187  12:21  Overlord x2  
  150  12:57  Zergling x18  
  159  13:00  Anabolic Synthesis  
  159  13:16  Zergling x20  
  169  13:22  Hatchery  
  169  13:26  Grooved Spines  
  168  13:29  Zerg Missile Weapons Level 2, Zerg Ground Armor Level 3  
  168  13:30  Zerg Melee Weapons Level 3  
  168  13:58  Ultralisk x5  
  178  14:27  Zergling x4  
  178  14:28  Zergling x34  
  197  14:40  Hydralisk  
  197  14:41  Overlord  
  197  14:42  Overlord x3  
  199  14:59  Baneling x17  
  197  15:00  Baneling x4  
  197  15:06  Baneling  
  197  15:07  Baneling x10  
  196  15:09  Zergling x6  
  143  15:31  Ultralisk x7  
  143  15:32  Ultralisk x2  
  191  15:38  Zergling x2  
  191  15:39  Zergling x14  
  150  15:58  Ultralisk  
  150  15:59  Ultralisk x2  
  163  16:15  Ultralisk x2  
  172  16:20  Zergling x6  
  172  16:21  Zergling x28  
  135  16:48  Hydralisk x3  
  135  16:49  Hydralisk x11  
  149  17:02  Zergling x10  
  141  17:18  Zergling x10  
  141  17:19  Zergling x14  
  150  17:36  Zergling x14  
Show
View Real Time Build Order
Export as new Build Order

Mako Terran - Winner!

Build Orders: Mech 

Get SALT Encoding   

  12  0:00  SCV  
  13  0:13  SCV  
  14  0:17  Supply Depot  
  14  0:25  SCV  
  15  0:39  SCV  
  15  0:42  Barracks  
  16  0:44  Refinery  
  16  0:51  SCV  
  17  1:03  SCV  
  18  1:15  SCV  
  19  1:27  SCV  
  20  1:34  Command Center  
  20  1:37  Reaper  
  21  1:47  Orbital Command  
  21  2:00  Supply Depot  
  21  2:10  Factory  
  21  2:12  Marine  
  21  2:14  SCV  
  23  2:19  Refinery  
  23  2:28  SCV  
  24  2:39  Barracks Reactor  
  24  2:40  SCV  
  25  2:46  Orbital Command  
  25  2:52  SCV  
  26  3:04  SCV  
  27  3:19  Starport  
  27  3:21  SCV, Orbital Command  
  28  3:33  SCV  
  33  3:34  Hellion x2  
  33  3:45  SCV  
  34  3:57  Hellion x2  
  34  4:00  Liberator  
  41  4:04  SCV  
  41  4:05  SCV  
  43  4:14  Command Center  
  43  4:16  Supply Depot, SCV  
  44  4:23  Supply Depot  
  44  4:34  SCV, Factory  
  44  4:35  SCV, Factory  
  46  4:41  Supply Depot  
  46  4:45  Refinery  
  46  4:46  SCV, Refinery  
  46  4:47  SCV  
  48  4:59  SCV x2  
  50  5:03  Marine  
  51  5:11  SCV x2  
  53  5:19  Armory  
  53  5:21  Armory, Marine  
  54  5:23  SCV  
  55  5:34  Factory Tech Lab x2  
  50  5:40  SCV x2  
  45  5:46  Supply Depot  
  45  5:47  Orbital Command  
  46  5:54  Hellion x2  
  46  5:55  SCV x2  
  53  6:07  SCV x2, Siege Tank  
  53  6:09  Siege Tank  
  53  6:10  Terran Vehicle Weapons Level 1, Terran Vehicle And Ship Armor Level 1  
  59  6:19  SCV x2  
  59  6:21  Hellion x2  
  65  6:31  SCV  
  61  6:48  Thor x2  
  61  6:50  SCV x2  
  75  7:02  Hellion x2  
  75  7:03  SCV  
  80  7:11  Supply Depot  
  80  7:12  Supply Depot  
  80  7:14  SCV  
  80  7:15  SCV  
  82  7:19  Viking  
  84  7:23  Hellion  
  84  7:24  Hellion  
  84  7:25  Orbital Command  
  88  7:31  Siege Tank  
  88  7:32  Siege Tank  
  94  7:52  Factory x2  
  94  8:07  SCV  
  94  8:08  SCV x2  
  97  8:19  Engineering Bay  
  97  8:21  Siege Tank x2  
  97  8:26  SCV x2  
  95  8:28  Hellion, Refinery  
  95  8:29  Hellion, Refinery  
  95  8:32  Terran Vehicle Weapons Level 2  
  99  8:38  Factory Tech Lab x2  
  99  8:40  SCV x2  
  101  8:50  Hellion  
  103  8:59  Thor, Supply Depot x2  
  109  9:05  Command Center  
  109  9:11  Hellion  
  109  9:20  SCV x2, Siege Tank  
  109  9:21  Hellion x3  
  109  9:22  Supply Depot  
  109  9:23  Supply Depot  
  120  9:28  Supply Depot  
  120  9:31  Supply Depot  
  120  9:32  Hellion  
  120  9:35  Supply Depot  
  120  9:37  SCV x2  
  124  9:42  Terran Vehicle And Ship Armor Level 2, Hellion x4  
  132  9:46  Supply Depot  
  134  9:53  Supply Depot, Hellion x2  
  136  10:03  Thor x2, SCV x2  
  150  10:08  Hellion x2  
  150  10:10  Supply Depot  
  150  10:11  Supply Depot  
  150  10:14  Thor  
  156  10:21  Thor  
  148  10:41  Command Center  
  148  10:46  Thor, Siege Tank  
  148  10:48  Command Center  
  157  10:51  Command Center, Sensor Tower  
  157  10:54  Hellion  
  157  10:56  Thor  
  165  11:15  Planetary Fortress  
  165  11:22  Siege Tank x2  
  171  11:35  Hellion x2, Sensor Tower  
  175  11:41  Factory x2  
  175  11:43  Refinery x2  
  175  12:00  Siege Tank x2  
  181  12:06  Orbital Command x2  
  181  12:23  SCV x3  
  181  12:24  SCV  
  181  12:26  Factory Tech Lab x2  
  181  12:27  Siege Tank x2  
  191  12:31  Thor, Orbital Command  
  191  12:35  SCV x2  
  200  12:37  Terran Vehicle Weapons Level 3  
  191  12:47  SCV  
  176  13:02  Thor x2  
  176  13:04  Hellion x5  
  188  13:11  Planetary Fortress  
  188  13:14  Sensor Tower  
  190  13:27  Hellion x3  
  190  13:28  Hellion x2  
  198  13:41  Infernal Pre-Igniter  
  198  13:42  Smart Servos  
  198  13:54  SCV x2  
  190  14:10  Starport Reactor  
  190  14:16  Siege Tank x2  
  196  14:27  Sensor Tower  
  196  14:42  Siege Tank  
  199  15:01  Command Center  
  193  15:26  Thor x3  
  193  15:27  Thor x2  
  198  15:31  Hellion  
  200  15:53  Thor  
  200  16:23  Orbital Command  
  194  16:26  Refinery  
  194  16:29  Refinery  
  194  16:31  Liberator x2  
  170  16:39  Thor, Siege Tank  
  179  16:40  Siege Tank x4  
  179  16:42  SCV  
  179  16:43  SCV x5  
  195  16:54  Hellion  
  195  16:55  SCV x2  
  183  17:09  Orbital Command  
  183  17:11  Orbital Command  
  183  17:13  Liberator  
  183  17:14  Liberator  
Tags
 
Add a new tag
Caveats
  • Supply blocks, unpowered buildings, or Contaminate may cause inaccurate times.
  • Supply counts are checked every 10 seconds.